[Event "*** SCC Grand Prix: Titled Tuesday Blitz"]
[Site "Chess.com"]
[Date "2020.10.06"]
[Round "2"]
[White "ashookk"]
[Black "yourstrulyme"]
[Result "0-1"]
[WhiteElo "2209"]
[BlackElo "2423"]
[TimeControl "180+1"]
[EndTime "10:12:56 PDT"]
[Termination "yourstrulyme won by resignation"]

1. Nf3 Nf6 2. c4 g6 3. Nc3 Bg7 4. e4 d6 5. d4 O-O 6. Be2 Bg4 7.
O-O Nfd7 8. Be3 Nc6 9. d5 Bxf3 10. Bxf3 Na5 11. Qa4 Bxc3 12. bxc3 b6 13. Be2 e5 14. g3 Qe7 15. Qc2 c6 16. Rad1 Rac8 17. Qa4 cxd5 18. cxd5 Rxc3 0-1

[Event "*** SCC Grand Prix: Titled Tuesday Blitz"]
[Site "Chess.com"]
[Date "2020.10.06"]
[Round "2"]
[White "semchik73"]
[Black "731291"]
[Result "0-1"]
[WhiteElo "2309"]
[BlackElo "2656"]
[TimeControl "180+1"]
[EndTime "10:12:58 PDT"]
[Termination "731291 won by resignation"]

1. Nf3 c5 2. c4 Nc6 3. Nc3 e5 4. e3 f5 5. d4 e4 6. Nd2 Nf6 7.
d5 Ne5 8. f3 exf3 9. Nxf3 Bd6 10. Nb5 Nxf3+ 11. Qxf3 Be5 12. Qxf5 d6 13. Qd3 O-O 14.
Be2 Ng4 15. Bxg4 Qh4+ 16. Kd2 Bxg4 17. Kc2 Bf5 0-1

[Event "*** SCC Grand Prix: Titled Tuesday Blitz"]
[Site "Chess.com"]
[Date "2020.10.06"]
[Round "2"]
[White "olksuna"]
[Black "Irishchessman16"]
[Result "1-0"]
[WhiteElo "2620"]
[BlackElo "2333"]
[TimeControl "180+1"]
[EndTime "10:13:03 PDT"]
[Termination "olksuna won by resignation"]

1. e4 c5 2. Nf3 Nc6 3. d4 cxd4 4. Nxd4 Nf6 5. Nc3 e5 6. Nf5 d5 7.
exd5 Bxf5 8. dxc6 Qxd1+ 9. Nxd1 bxc6 10. Ne3 Be6 11. Nc4 Rb8 12. Nxe5 Bb4+ 13. c3 Bd6 14. Nc4 Bc7 15. Be2 h5 16. O-O Ng4 17. h3 Ne5 18.
Nxe5 Bxe5 19. Re1 f6 20. f4 Bd6 21. Bc4 1-0

[Event "*** SCC Grand Prix: Titled Tuesday Blitz"]
[Site "Chess.com"]
[Date "2020.10.06"]
[Round "2"]
[White "Emp3rador"]
[Black "Shivagami"]
[Result "1-0"]
[WhiteElo "2423"]
[BlackElo "2214"]
[TimeControl "180+1"]
[EndTime "10:13:05 PDT"]
[Termination "Emp3rador won by resignation"]

1. e4 Nc6 2. Nf3 d6 3. d4 Nf6 4. Nc3 Bg4 5. Be3 e5 6. Bb5 exd4 7.
Bxd4 Nd7 8. Be3 Nde5 9. Be2 Nxf3+ 10. Bxf3 Bxf3 11. Qxf3 Be7 12. O-O-O O-O 13. Qg3 Bh4 14. Qf3 Ne5 15. Qe2 f5 16. f4 Ng4 17. Bd4 fxe4 18.
Qxg4 1-0

[Event "*** SCC Grand Prix: Titled Tuesday Blitz"]
[Site "Chess.com"]
[Date "2020.10.06"]
[Round "2"]
[White "slavenok"]
[Black "Colombiano07"]
[Result "1-0"]
[WhiteElo "2727"]
[BlackElo "2349"]
[TimeControl "180+1"]
[EndTime "10:13:10 PDT"]
[Termination "slavenok won by resignation"]

1. e4 e6 2. d4 d5 3. exd5 exd5 4. Nf3 Bg4 5. c4 Bb4+ 6. Nc3 Qe7+ 7. Be2 Nf6 8. O-O O-O 9. h3 Bh5 10. Bg5 Bxc3 11. bxc3 h6 12. Bh4 c6 13. cxd5 g5 14. d6 Qxd6 15. Bg3 Qe7 16. Ne5 Bxe2 17. Qxe2 Nbd7 18.
f4 Nd5 19. Qh5 Kg7 20. Nxd7 Qxd7 21. fxg5 Rh8 22. Be5+ 1-0

[Event "*** SCC Grand Prix: Titled Tuesday Blitz"]
[Site "Chess.com"]
[Date "2020.10.06"]
[Round "2"]
[White "GmSergioBarrientos"]
[Black "smshk35"]
[Result "1-0"]
[WhiteElo "2694"]
[BlackElo "2445"]
[TimeControl "180+1"]
[EndTime "10:13:31 PDT"]
[Termination "GmSergioBarrientos won by resignation"]

1. e4 c5 2. Nf3 e6 3. d4 cxd4 4. Nxd4 a6 5. Nc3 b5 6. Bd3 Qb6 7. Nf3 Qc7 8. O-O Bb7 9. Re1 Nc6 10. e5 f5 11. exf6 Nxf6 12. Bg5 Be7 13. Ne4 Nxe4 14. Bxe4 O-O-O 15. Bxc6 Bxc6 16. Bxe7 Rde8 17. Bd6 Qb7 18. Re3 g5 19. Qd4 b4 20. Qxb4 1-0

[Event "*** SCC Grand Prix: Titled Tuesday Blitz"]
[Site "Chess.com"]
[Date "2020.10.06"]
[Round "2"]
[White "Artem_Sadovsky"]
[Black "andrzej"]
[Result "0-1"]
[WhiteElo "2479"]
[BlackElo "2326"]
[TimeControl "180+1"]
[EndTime "10:13:42 PDT"]
[Termination "andrzej won by checkmate"]

1. h4 d5 2. a4 Nc6 3. g3 e5 4. b3 Bc5 5. Bg2 Nf6 6. e3 O-O 7.
Ba3 Qe7 8. Ne2 Re8 9. c3 Bg4 10.
f3 Bd7 11. b4 Bd6 12. b5 Na5 13. d3 Rad8 14. Bxd6 Qxd6 15. Nd2 Bf5 16. d4 exd4 17. Nxd4 Qxg3+ 18. Kf1 Bd3+ 19. Kg1 Rxe3 20. Nf1 Bxf1 21. Nf5 Qxg2# 0-1

[Event "*** SCC Grand Prix: Titled Tuesday Blitz"]
[Site "Chess.com"]
[Date "2020.10.06"]
[Round "2"]
[White "Infernal_XaM"]
[Black "Gahan-MG"]
[Result "1-0"]
[WhiteElo "2874"]
[BlackElo "2569"]
[TimeControl "180+1"]
[EndTime "10:13:46 PDT"]
[Termination "Infernal_XaM won by resignation"]

1. d4 Nf6 2. c4 e5 3. dxe5 Ng4 4. e3 Nxe5 5. Bd2 Nbc6 6. Bc3 Bb4 7. Be2 O-O 8. Nh3 d6 9. Nf4 Be6 10. b3 Qf6 11. O-O a5 12. Kh1 a4 13. Nd5 Bxd5 14. cxd5 Bxc3 15. Nxc3 axb3 16. dxc6 b2 17. Rb1 Nxc6 18. Qd2 Ra3 19. Nd5 Qe5 20. Rxb2 1-0

[Event "*** SCC Grand Prix: Titled Tuesday Blitz"]
[Site "Chess.com"]
[Date "2020.10.06"]
[Round "2"]
[White "Meri-Arabidze"]
[Black "pastouche06"]
[Result "1-0"]
[WhiteElo "2708"]
[BlackElo "2476"]
[TimeControl "180+1"]
[EndTime "10:13:55 PDT"]
[Termination "Meri-Arabidze won by resignation"]

1. d4 Nf6 2. c4 e6 3. Nf3 d5 4. Nc3 dxc4 5. e3 a6 6. a4 c5 7. Bxc4 Nc6 8. O-O Be7 9. Qe2 cxd4 10. Rd1 e5 11. exd4 exd4 12. Ne5 O-O 13. Nxc6 bxc6 14. Ne4 c5 15. b4 cxb4 16. Bb2 Qa5 17. Bxd4 Nxe4 18.
Qxe4 Re8 19. Qxa8 1-0

[Event "*** SCC Grand Prix: Titled Tuesday Blitz"]
[Site "Chess.com"]
[Date "2020.10.06"]
[Round "2"]
[White "ViktoriyaTarasova"]
[Black "Lenyas66"]
[Result "0-1"]
[WhiteElo "2279"]
[BlackElo "2466"]
[TimeControl "180+1"]
[EndTime "10:14:14 PDT"]
[Termination "Lenyas66 won by resignation"]

1. d4 e6 2. c4 Bb4+ 3. Nc3 c5 4. dxc5 Nf6 5. a3 Bxc3+ 6. bxc3 Na6 7. Be3 Qa5 8. Qb3 Ng4 9. Bd2 Nxc5 10. Qb4 Qc7 11.
g3 Ne4 12. Bf4 e5 13. Be3 Nxe3 14. fxe3 a5 15. Qb3 Qc5 16. Nf3 Qxe3 17. Qb5 0-1

[Event "*** SCC Grand Prix: Titled Tuesday Blitz"]
[Site "Chess.com"]
[Date "2020.10.06"]
[Round "2"]
[White "Superfelix"]
[Black "queen_iryna"]
[Result "0-1"]
[WhiteElo "2458"]
[BlackElo "2307"]
[TimeControl "180+1"]
[EndTime "10:14:17 PDT"]
[Termination "queen_iryna won by resignation"]

1. e4 d6 2. d4 Nf6 3. Nc3 e5 4. Nf3 Nbd7 5. Bc4 Be7 6. a4 O-O 7. O-O c6 8. Re1 h6 9. Ba2 Re8 10. h3 Bf8 11. dxe5 dxe5 12. Nh4 Nc5 13. Qf3 Be6 14. Nf5 Bxa2 15. Rxa2 Ne6 16. Qg3 Kh7 17. Qxe5 g6 18. Rd1 Nd7 19. Nd6 Nxe5 20. Nxf7 Qf6 21.
Nxe5 Qxe5 0-1

[Event "*** SCC Grand Prix: Titled Tuesday Blitz"]
[Site "Chess.com"]
[Date "2020.10.06"]
[Round "2"]
[White "Zq1"]
[Black "emiliocordova"]
[Result "0-1"]
[WhiteElo "2518"]
[BlackElo "2781"]
[TimeControl "180+1"]
[EndTime "10:14:24 PDT"]
[Termination "emiliocordova won by resignation"]

1. d4 Nf6 2. c4 e6 3. Nc3 Bb4 4.
e3 O-O 5. Bd3 c6 6. Ne2 d5 7. a3 Bd6 8. O-O e5 9. cxd5 cxd5 10.
Nb5 e4 11. Bb1 Bxh2+ 12. Kxh2 Ng4+ 13. Kg3 Qg5 14. f4 Qg6 15. f5 Qg5 16. Kh3 Qh5+ 17. Kg3 Qh2+ 18. Kxg4 h5+ 19. Kg5 f6+ 0-1

[Event "*** SCC Grand Prix: Titled Tuesday Blitz"]
[Site "Chess.com"]
[Date "2020.10.06"]
[Round "2"]
[White "remi04"]
[Black "S2PAc"]
[Result "1-0"]
[WhiteElo "2549"]
[BlackElo "2780"]
[TimeControl "180+1"]
[EndTime "10:14:27 PDT"]
[Termination "remi04 won by resignation"]

1. e4 c6 2. c4 d5 3. exd5 cxd5 4. cxd5 Nf6 5. Bb5+ Bd7 6. Bc4 g6 7. Nc3 Bg7 8. Nf3 O-O 9. O-O a6 10. a4 b6 11. h3 Ra7 12. d4 Bf5 13. Re1 Ne8 14. Ne5 Nd6 15. Bb3 Rc7 16. Bf4 f6 17. Nc6 Nxc6 18.
dxc6+ Kh8 19. Nd5 Rxc6 20. Nxe7 Rc7 21. Nxf5 gxf5 22. Qh5 Rd7 23. Be6 Re7 24. Bxd6 Qxd6 25. Bxf5 1-0

[Event "*** SCC Grand Prix: Titled Tuesday Blitz"]
[Site "Chess.com"]
[Date "2020.10.06"]
[Round "2"]
[White "bgfbfbgfbgfgf"]
[Black "vladimirdamjanovic"]
[Result "0-1"]
[WhiteElo "2788"]
[BlackElo "2554"]
[TimeControl "180+1"]
[EndTime "10:14:34 PDT"]
[Termination "vladimirdamjanovic won by resignation"]

1. e4 c5 2. Nf3 d6 3. d4 cxd4 4. Nxd4 Nf6 5. Nc3 g6 6. Be3 Bg7 7. f3 Nc6 8. Qd2 h5 9. h4 Bd7 10. Bc4 Rc8 11. Bb3 Na5 12. O-O-O Nc4 13. Bxc4 Rxc4 14. Kb1 Qc7 15. Nd5 Nxd5 16. exd5 O-O 17. c3 Qa5 18. Bh6 Bxd4 19. Bxf8 Bf5+ 20. Ka1 Ra4 0-1

[Event "*** SCC Grand Prix: Titled Tuesday Blitz"]
[Site "Chess.com"]
[Date "2020.10.06"]
[Round "2"]
[White "Mazetovic"]
[Black "misterlamine"]
[Result "1-0"]
[WhiteElo "2613"]
[BlackElo "2333"]
[TimeControl "180+1"]
[EndTime "10:14:36 PDT"]
[Termination "Mazetovic won by resignation"]

1. e4 c5 2. Nf3 d6 3. d4 cxd4 4.
Nxd4 Nf6 5. Nc3 a6 6. g3 e5 7. Nb3 Be6 8. Bg2 b5 9. O-O Be7 10. Re1 O-O 11. Nd2 Nbd7 12. Nf1 Rc8 13. Ne3 Re8 14. Ned5 Bxd5 15. Nxd5 Nxd5 16. exd5 b4 17. a3 a5 18. axb4 axb4 19. Bf1 Qc7 20. Bb5 Red8 21.
Be3 Bf6 22. Ra7 Qxc2 23. Bxd7 Qxd1 24. Rxd1 Rc2 25. b3 Rc3 26. Ba4 h6 27. Rb7 Rdc8 28.
Rxb4 1-0

[Event "*** SCC Grand Prix: Titled Tuesday Blitz"]
[Site "Chess.com"]
[Date "2020.10.06"]
[Round "2"]
[White "gilbert_gm"]
[Black "Shield12"]
[Result "0-1"]
[WhiteElo "2562"]
[BlackElo "2843"]
[TimeControl "180+1"]
[EndTime "10:14:40 PDT"]
[Termination "Shield12 won by resignation"]

1. c4 e5 2. Nc3 Bb4 3. Nd5 Bc5 4. b4 Be7 5. Bb2 c6 6. Ne3 Bxb4 7. Bxe5 Nf6 8. Nf3 O-O 9. g3 Re8 10. Bg2 d6 11. Bb2 d5 12. O-O dxc4 13. Nxc4 Be6 14. Rc1 Nbd7 15. a3 Bf8 16. d3 Nb6 17. Na5 Qe7 18.
Bxf6 gxf6 19. Nd4 Rad8 20. Naxc6 bxc6 21. Nxc6 Qxa3 22. Nxd8 Rxd8 23. Ra1 Qe7 24. Qd2 f5 25. Ra5 Nc4 26. Qb4 Qxb4 0-1

[Event "*** SCC Grand Prix: Titled Tuesday Blitz"]
[Site "Chess.com"]
[Date "2020.10.06"]
[Round "2"]
[White "PSvidler"]
[Black "Gusarov91"]
[Result "1-0"]
[WhiteElo "2900"]
[BlackElo "2577"]
[TimeControl "180+1"]
[EndTime "10:14:41 PDT"]
[Termination "PSvidler won by resignation"]

1. e4 c6 2. d4 Na6 3. Nf3 Nc7 4. Bd3 d5 5. h3 dxe4 6. Bxe4 Nf6 7. Bd3 g6 8. O-O Bg7 9. c4 O-O 10. Nc3 a5 11. Re1 Ne6 12. Be3 Qc7 13. Qc2 Nf4 14.
Bf1 Bf5 15. Qd2 Ne6 16. g4 Ne4 17. Qc1 Nxc3 18. gxf5 Ne4 19. fxe6 fxe6 20. Qc2 Rxf3 21. Qxe4 Raf8 22. Bg2 R3f6 23. Re2 h6 24. Rd1 g5 25. d5 exd5 26. cxd5 Rd8 27. Red2 c5 28. Qc4 b6 29. d6+ 1-0

[Event "*** SCC Grand Prix: Titled Tuesday Blitz"]
[Site "Chess.com"]
[Date "2020.10.06"]
[Round "2"]
[White "Koksik_13"]
[Black "Xeniya2005"]
[Result "1-0"]
[WhiteElo "2678"]
[BlackElo "2388"]
[TimeControl "180+1"]
[EndTime "10:14:50 PDT"]
[Termination "Koksik_13 won by resignation"]

1. d4 Nf6 2. Nc3 d5 3. Bf4 e6 4. Nb5 Na6 5. e3 c6 6. Nc3 Nc7 7. Qf3 Bd6 8. Bxd6 Qxd6 9. Qg3 Qxg3 10. hxg3 Bd7 11. Nf3 Ke7 12. Ne5 Nce8 13. Bd3 Nd6 14. f3 h5 15. O-O-O b6 16. e4 dxe4 17. fxe4 Rac8 18.
Rhf1 c5 19. Nxd7 Nxd7 20. e5 Nb7 21. Ba6 Rc7 22. Nb5 Rhc8 23. Bxb7 Rxb7 24. Nd6 Rcb8 25. Rxf7+ 1-0

[Event "*** SCC Grand Prix: Titled Tuesday Blitz"]
[Site "Chess.com"]
[Date "2020.10.06"]
[Round "2"]
[White "verdest"]
[Black "elamier"]
[Result "1-0"]
[WhiteElo "2662"]
[BlackElo "2340"]
[TimeControl "180+1"]
[EndTime "10:14:51 PDT"]
[Termination "verdest won by resignation"]

1. d4 d5 2. c4 c6 3. Nf3 Nf6 4. Qb3 dxc4 5. Qxc4 Bf5 6. g3 e6 7. Bg2 Nbd7 8. O-O Be7 9. Qb3 Qb6 10. Nbd2 Qxb3 11. axb3 O-O 12. Nc4 Bc2 13. Na5 Rab8 14. Bf4 Ra8 15. Nxb7 Nd5 16. Bd6 Bxd6 17. Nxd6 Bxb3 18.
Nd2 Bc2 19. Rfc1 Bg6 20. Rxc6 N7f6 21. e4 Nb4 22. Rc7 a5 23. N2c4 Nc2 24. Rd1 Nb4 25.
d5 exd5 26. exd5 h5 27. Nb7 a4 28. d6 Be4 29. d7 Bxg2 30. Kxg2 1-0

[Event "*** SCC Grand Prix: Titled Tuesday Blitz"]
[Site "Chess.com"]
[Date "2020.10.06"]
[Round "2"]
[White "BJthechessgod"]
[Black "BanjoKazooieN64"]
[Result "0-1"]
[WhiteElo "2301"]
[BlackElo "2476"]
[TimeControl "180+1"]
[EndTime "10:14:55 PDT"]
[Termination "BanjoKazooieN64 won by resignation"]

1. e4 e5 2. Nf3 Nc6 3. Bc4 Bc5 4. c3 d6 5. d3 Qf6 6. O-O Qg6 7. b4 Bb6 8. a4 a6 9. Be3 Bxe3 10. fxe3 Nf6 11.
Nbd2 O-O 12. Nh4 Qh6 13. Qe1 Ng4 14. Rf3 g5 15. h3 gxh4 16. hxg4 Bxg4 17. Rf1 Kh8 18.
Qf2 f5 19. exf5 Rxf5 20. Qe1 Raf8 21. Rxf5 Rxf5 22. e4 Rg5 23. Kh1 h3 24. g3 h2 25.
Qf2 Bh3 26. Qxh2 Rh5 27. Qf2 Bg4+ 28. Kg2 Rh2+ 29. Kf1 Rxf2+ 30. Kxf2 Qxd2+ 0-1

[Event "*** SCC Grand Prix: Titled Tuesday Blitz"]
[Site "Chess.com"]
[Date "2020.10.06"]
[Round "2"]
[White "Konavets"]
[Black "Swarnapuri"]
[Result "1-0"]
[WhiteElo "3006"]
[BlackElo "2605"]
[TimeControl "180+1"]
[EndTime "10:14:56 PDT"]
[Termination "Konavets won on time"]

1. d4 Nc6 2. Nf3 d5 3. Bf4 Bg4 4. e3 e6 5. Be2 Bd6 6. Bg3 Nf6 7. c4 O-O 8. Nc3 dxc4 9. Bxc4 e5 10. d5 Ne7 11. h3 Bxf3 12. gxf3 Nf5 13. Bh2 a6 14. Bd3 Qd7 15. Qe2 b5 16. O-O-O Rfb8 17. Rhg1 g6 18.
Rg5 Ne7 19. Bxe5 Bxe5 20. Rxe5 b4 21. Ne4 Nfxd5 22. Bc4 Qc6 23. Qc2 Rd8 24. Bxd5 1-0

[Event "*** SCC Grand Prix: Titled Tuesday Blitz"]
[Site "Chess.com"]
[Date "2020.10.06"]
[Round "2"]
[White "SergeyKarjakin"]
[Black "maxip32"]
[Result "1-0"]
[WhiteElo "2930"]
[BlackElo "2364"]
[TimeControl "180+1"]
[EndTime "10:14:57 PDT"]
[Termination "SergeyKarjakin won by resignation"]

1. b3 Nf6 2. Bb2 g6 3. e4 d6 4. f4 Bg7 5. Nf3 O-O 6. d3 c5 7.
g3 Nc6 8. Bg2 Bg4 9. Nbd2 Rb8 10. O-O Nd7 11. Bxg7 Kxg7 12. Qc1 e6 13. Qb2+ Qf6 14.
e5 dxe5 15. Ne4 Qe7 16. Nxe5 Ndxe5 17. fxe5 Bf5 18. Nd6 Kg8 19. Bxc6 bxc6 20. Rf4 Rbd8 21. Raf1 f6 22. Nc4 g5 23. R4f2 h5 24. exf6 Rxf6 25. Qe5 Rd5 26. Qe3 Rg6 27. Rxf5 1-0

[Event "*** SCC Grand Prix: Titled Tuesday Blitz"]
[Site "Chess.com"]
[Date "2020.10.06"]
[Round "2"]
[White "FMJoseHerrera"]
[Black "BocharovD"]
[Result "0-1"]
[WhiteElo "2553"]
[BlackElo "2814"]
[TimeControl "180+1"]
[EndTime "10:14:58 PDT"]
[Termination "BocharovD won by resignation"]

1. Nf3 c5 2. g3 g6 3. Bg2 Bg7 4. d3 Nc6 5. Nc3 d6 6. h4 h6 7. e4 e5 8. Be3 Nge7 9. Qd2 Be6 10. O-O Qd7 11. Rfe1 Rd8 12. Rad1 b6 13. Qc1 Bh3 14. Bh1 Bg4 15. Ne2 d5 16. exd5 Nxd5 17. Nh2 Nxe3 18. Qxe3 Be6 19. c3 O-O 20. b3 Rfe8 21. Nc1 Ne7 22. Nf3 Nd5 23. Qd2 Bg4 24. Qc2 Nxc3 25. Qxc3 e4 26. d4 exf3 27. Rxe8+ Rxe8 28. Bxf3 Bxd4 29. Bxg4 Qxg4 30. Qd2 Qxg3+ 0-1

[Event "*** SCC Grand Prix: Titled Tuesday Blitz"]
[Site "Chess.com"]
[Date "2020.10.06"]
[Round "2"]
[White "MrTattaglia"]
[Black "FloMaster111"]
[Result "1-0"]
[WhiteElo "2875"]
[BlackElo "2570"]
[TimeControl "180+1"]
[EndTime "10:15:01 PDT"]
[Termination "MrTattaglia won by resignation"]

1. Nf3 Nf6 2. e3 d5 3. d4 c5 4.
Be2 e6 5. O-O Nc6 6. b3 cxd4 7.
exd4 Bd6 8. c4 dxc4 9. bxc4 O-O 10. Bb2 b6 11. Nbd2 Bb7 12. Re1 Rc8 13. Rc1 Na5 14. Bd3 Re8 15. h3 Qc7 16. d5 e5 17. Nh4 g6 18. Qf3 Qe7 19. g3 b5 20. c5 Rxc5 21.
Rxc5 Bxc5 22. Rxe5 Qd8 23. Qxf6 Be7 24. Rxe7 1-0

[Event "*** SCC Grand Prix: Titled Tuesday Blitz"]
[Site "Chess.com"]
[Date "2020.10.06"]
[Round "2"]
[White "esapunov"]
[Black "Sesleria"]
[Result "1-0"]
[WhiteElo "2625"]
[BlackElo "2117"]
[TimeControl "180+1"]
[EndTime "10:15:01 PDT"]
[Termination "esapunov won by resignation"]

1. c4 e6 2. Nf3 d5 3. d4 Nf6 4. Nc3 c6 5. Bg5 h6 6. Bxf6 Qxf6 7. e3 g6 8. Bd3 Bg7 9. O-O O-O 10. Rc1 Nd7 11. e4 dxc4 12. e5 Qf4 13.
Ne2 Qxc1 14. Nxc1 cxd3 15. Nxd3 c5 16. Nxc5 Nxc5 17. dxc5 b6 18. c6 Ba6 19. Re1 Rfd8 20.
Qa4 Bd3 21. h3 b5 22. Qa6 Bf8 23. Rd1 Bc5 24. c7 1-0

[Event "*** SCC Grand Prix: Titled Tuesday Blitz"]
[Site "Chess.com"]
[Date "2020.10.06"]
[Round "2"]
[White "W_Amadeus"]
[Black "TudorAnton"]
[Result "1-0"]
[WhiteElo "2747"]
[BlackElo "2500"]
[TimeControl "180+1"]
[EndTime "10:15:03 PDT"]
[Termination "W_Amadeus won by resignation"]

1. d4 Nf6 2. Nf3 e6 3. Bf4 b6 4. Nbd2 Bb7 5. e3 c5 6. Nc4 d5 7. Nce5 Nbd7 8. Bb5 Be7 9. Nc6 Bxc6 10. Bxc6 Rb8 11.
Bxb8 Qxb8 12. Ne5 Bd6 13. Nxd7 Nxd7 14. c3 Ke7 15. Bxd7 Kxd7 16. h3 Ke7 17. O-O Rd8 18. Qh5 h6 19. f4 Kf8 20. f5 exf5 21. Rxf5 Qc7 22. Raf1 Rd7 23. Rxd5 Re7 24. e4 cxd4 25. cxd4 Kg8 26. Qf3 Re8 27. Rxd6 1-0

[Event "*** SCC Grand Prix: Titled Tuesday Blitz"]
[Site "Chess.com"]
[Date "2020.10.06"]
[Round "2"]
[White "r31415"]
[Black "JonahWillow"]
[Result "0-1"]
[WhiteElo "2475"]
[BlackElo "2707"]
[TimeControl "180+1"]
[EndTime "10:15:03 PDT"]
[Termination "JonahWillow won by checkmate"]

1. e4 c5 2. Nf3 Nc6 3. d4 cxd4 4. Nxd4 g6 5. Nc3 Bg7 6. Nde2 Nf6 7. h3 O-O 8. g4 d6 9. Bg2 Be6 10. Be3 Qa5 11. Qd2 Rac8 12. O-O b5 13. a3 Ne5 14. b3 Rfd8 15. Rac1 a6 16. f4 Nc6 17. f5 Bd7 18. Qd1 b4 19. axb4 Nxb4 20. Nd5 Nfxd5 21. exd5 Na2 22.
Rb1 Nc3 23. Nxc3 Qxc3 24. Bg5 Bd4+ 25. Kh1 f6 26. Bc1 Be5 27. Rf2 Qg3 28. Qf1 Qh2# 0-1

[Event "*** SCC Grand Prix: Titled Tuesday Blitz"]
[Site "Chess.com"]
[Date "2020.10.06"]
[Round "2"]
[White "Anton_Demchenko"]
[Black "ThePatrick27"]
[Result "1-0"]
[WhiteElo "2839"]
[BlackElo "2560"]
[TimeControl "180+1"]
[EndTime "10:15:04 PDT"]
[Termination "Anton_Demchenko won by resignation"]

1. e4 e5 2. Nf3 Nc6 3. Bc4 Bc5 4.
d3 Nf6 5. Bg5 d6 6. c3 a6 7.
Nbd2 h6 8. Bh4 Ba7 9. a4 O-O 10.
h3 Be6 11. g4 Bxc4 12. dxc4 Nb8 13. g5 hxg5 14. Bxg5 Nbd7 15. Qe2 Qc8 16. Rg1 Re8 17. Nh4 Nh7 18. Bh6 g6 19. Nxg6 fxg6 20. Rxg6+ Kf7 21.
Rg7+ Ke6 22. Qg4+ 1-0

[Event "*** SCC Grand Prix: Titled Tuesday Blitz"]
[Site "Chess.com"]
[Date "2020.10.06"]
[Round "2"]
[White "SaqoChess_Twitch"]
[Black "Kaponov"]
[Result "1-0"]
[WhiteElo "2408"]
[BlackElo "2182"]
[TimeControl "180+1"]
[EndTime "10:15:04 PDT"]
[Termination "SaqoChess_Twitch won on time"]

1. d4 Nf6 2. c4 e6 3. Nc3 Bb4 4. a3 Bxc3+ 5. bxc3 O-O 6. e3 d5 7. Bd3 c5 8. cxd5 exd5 9. Ne2 b6 10. O-O Ba6 11. f3 Bxd3 12. Qxd3 Nc6 13. g4 Qd7 14. Ng3 Ne8 15. h4 Nc7 16. Ra2 Rfe8 17. Rg2 Rad8 18. h5 Na5 19. h6 g6 20. Nh5 Re6 21. f4 Qb5 22. Qd1 cxd4 23. f5 Rc6 24. fxg6 fxg6 25. Qf3 Qxf1+ 26. Qxf1 Rf8 27. Rf2 Rxf2 28. Qxf2 Ne8 29.
exd4 1-0

[Event "*** SCC Grand Prix: Titled Tuesday Blitz"]
[Site "Chess.com"]
[Date "2020.10.06"]
[Round "2"]
[White "IMJonathanCarlstedt"]
[Black "Alexander_Moskalenko"]
[Result "0-1"]
[WhiteElo "2535"]
[BlackElo "2803"]
[TimeControl "180+1"]
[EndTime "10:15:06 PDT"]
[Termination "Alexander_Moskalenko won by resignation"]

1. d4 d5 2. Bf4 c5 3. e3 Nf6 4.
c3 Qb6 5. Qb3 c4 6. Qxb6 axb6 7.
a3 Nc6 8. Nd2 b5 9. h3 b4 10.
cxb4 Nxb4 11. Rc1 Nc6 12. Ngf3 b5 13. g4 e6 14. Bg2 Nd7 15. O-O Nb6 16. e4 f6 17.
exd5 exd5 18. Nb1 Na4 19. Nc3 Nxc3 20. Rxc3 Be6 21. Re3 Kd7 22. Rfe1 Bf7 23. h4 Bd6 24. Bxd6 Kxd6 25. g5 Rhe8 26. Rd1 Bh5 27. Rd2 Rxe3 28.
fxe3 Bxf3 29. Bxf3 f5 30. Kf2 b4 31. axb4 Nxb4 32. Kg3 Ra1 33. Kf4 g6 34. Be2 Rg1 35. Kf3 Rg4 36. Rd1 Rxh4 37. Ra1 Rh3+ 38. Kf2 Nc2 39.
Ra6+ Kd7 40. Ra7+ Kd8 41. Rxh7 Rxh7 0-1

[Event "*** SCC Grand Prix: Titled Tuesday Blitz"]
[Site "Chess.com"]
[Date "2020.10.06"]
[Round "2"]
[White "RaunakSadhwani2005"]
[Black "TheMagnet"]
[Result "1-0"]
[WhiteElo "2916"]
[BlackElo "2580"]
[TimeControl "180+1"]
[EndTime "10:15:10 PDT"]
[Termination "RaunakSadhwani2005 won by resignation"]

1. c4 Nf6 2. Nc3 g6 3. g3 Bg7 4. Bg2 O-O 5. Nf3 d6 6. O-O c5 7.
d4 Nc6 8. d5 Na5 9. Nd2 a6 10.
Rb1 Rb8 11. Qc2 b5 12. b3 e6 13.
Bb2 exd5 14. Nxd5 Nxd5 15. Bxd5 Bb7 16. Bxg7 Kxg7 17. Bxb7 Rxb7 18. Ne4 Nc6 19. Rfd1 Rd7 20. Qd2 Qe7 21. Nxc5 Ra7 22. Nd3 bxc4 23. bxc4 Rc8 24.
Nf4 Ne5 25. Nd5 Qd8 26. Qd4 1-0

[Event "*** SCC Grand Prix: Titled Tuesday Blitz"]
[Site "Chess.com"]
[Date "2020.10.06"]
[Round "2"]
[White "kidagent"]
[Black "gui_borba"]
[Result "0-1"]
[WhiteElo "2287"]
[BlackElo "2474"]
[TimeControl "180+1"]
[EndTime "10:15:13 PDT"]
[Termination "gui_borba won by resignation"]

1. e4 c6 2. d4 d5 3. Nd2 dxe4 4. Nxe4 Nf6 5. Nxf6+ exf6 6. c3 Bd6 7. Qc2 O-O 8. Bd3 Re8+ 9. Ne2 h5 10. Bd2 Nd7 11.
O-O-O Nf8 12. h3 Be6 13. Kb1 Qd7 14. Rhg1 b5 15. Nf4 Bxf4 16. Bxf4 a5 17. f3 a4 18. g4 h4 19. g5 f5 20. Rge1 Qd5 21. a3 Ng6 22. Bh2 Qxf3 23. Rf1 Qxh3 24. Bd6 Bb3 25. Qd2 Bxd1 26. Rxd1 Re6 27. Bc5 Rae8 28. Qf2 Qg3 29. Qxf5 Re1 30. Rxe1 Qxe1+ 31. Ka2 Qe6+ 32. Qxe6 Rxe6 33.
c4 h3 0-1

[Event "*** SCC Grand Prix: Titled Tuesday Blitz"]
[Site "Chess.com"]
[Date "2020.10.06"]
[Round "2"]
[White "Sacbutt"]
[Black "Omk124"]
[Result "0-1"]
[WhiteElo "2268"]
[BlackElo "2461"]
[TimeControl "180+1"]
[EndTime "10:15:13 PDT"]
[Termination "Omk124 won by resignation"]

1. d4 Nf6 2. c4 g6 3. Nc3 Bg7 4. Nf3 O-O 5. Bg5 d6 6. e3 Nbd7 7. Be2 h6 8. Bh4 c6 9. O-O e5 10. Qc2 Qe7 11. Rfe1 Re8 12. Rad1 Nf8 13. b4 Bf5 14. e4 Bg4 15. Bxf6 Qxf6 16. dxe5 dxe5 17. c5 Ne6 18. h3 Bxf3 19. Bxf3 Nd4 20. Qd3 Rad8 21.
Bg4 h5 22. Be2 a5 23. a3 Bh6 24. Qb1 axb4 25. axb4 Bg5 26. b5 Qe7 27. bxc6 bxc6 28. Na4 Qa7 29. Nb6 Qa5 30. Nc4 Qxc5 31. Qb6 Nxe2+ 0-1

[Event "*** SCC Grand Prix: Titled Tuesday Blitz"]
[Site "Chess.com"]
[Date "2020.10.06"]
[Round "2"]
[White "juancruzarias"]
[Black "OldweakGM"]
[Result "0-1"]
[WhiteElo "2492"]
[BlackElo "2753"]
[TimeControl "180+1"]
[EndTime "10:15:16 PDT"]
[Termination "OldweakGM won by resignation"]

1. e4 c6 2. Nc3 d5 3. Nf3 dxe4 4. Nxe4 Nf6 5. Qe2 Nxe4 6. Qxe4 Qd5 7. Qe3 Bf5 8. b3 Qe6 9. Nd4 Qxe3+ 10. fxe3 Bg6 11. d3 e6 12. Bb2 Nd7 13. Be2 O-O-O 14. O-O Nf6 15. Nf3 Bc5 16. d4 Bd6 17. h3 Bxc2 18.
Rac1 Bg6 19. a3 Ne4 20. b4 Ng3 21. Rfe1 Nxe2+ 22. Rxe2 Kb8 23. Kf2 f6 24. Rd2 Be4 25. Bc3 g5 26. a4 Rhg8 27. d5 e5 28. dxc6 Bxc6 29. b5 Be4 30. Rcd1 Bc7 31. Rd7 Kc8 32. R7d2 Rxd2+ 33. Rxd2 Rd8 34. Rb2 Rd3 35. Bb4 Bb6 36. Re2 Kd7 37. Nd2 Bd5 38. a5 Bc7 39. e4 Be6 40.
Nf3 Rb3 41. Rd2+ Ke8 42. Bd6 Bxa5 43. Ra2 Rxf3+ 0-1